 Dungeon Crawl Stone Soup version 0.28.0 (webtiles) character file.

Game seed: 13818594378330811431

2216 enile the Arsonist (level 9, -5/54 HPs)
             Began as a Deep Elf Fire Elementalist on Feb 15, 2022.
             Was an Initiate of Yredelemnul.
             Engulfed by a cloud of flame (8 damage)
             ... on level 6 of the Dungeon.
             The game lasted 00:10:29 (9355 turns).

enile the Arsonist (Deep Elf Fire Elementalist)     Turns: 9355, Time: 00:10:30

Health: -5/54      AC:  2    Str:  5    XL:     9   Next: 13%
Magic:  16/29      EV: 14    Int: 28    God:    Yredelemnul [......]
Gold:   236        SH:  5    Dex: 15    Spells: 14/20 levels left

rFire   + . .      SeeInvis .   q - +4 flail of Gehenna {vorpal, *Rage +Blink Int+3}
rCold   x . .      Faith    .   (no shield)
rNeg    . . .      Spirit   .   a - +0 robe
rPois   .          Reflect  +   (no helmet)
rElec   .          Harm     .   (no cloak)
rCorr   .          Rampage  .   (no gloves)
Will    .....      Rage     20% (no boots)
Stlth   ++........              k - amulet of reflection
HPRegen 0.18/turn               d - ring of magical power
MPRegen 0.21/turn               p - ring of fire

@: no status effects
A: no striking features
a: Renounce Religion, Evoke Blink, Recall Undead Harvest


You were on level 6 of the Dungeon.
You worshipped Yredelemnul.
Yredelemnul was noncommittal.
You visited 2 branches of the dungeon, and saw 7 of its levels.

You collected 256 gold pieces.
You donated 20 gold pieces to Zin.

Inventory:

Hand Weapons
 c - a +1 short sword of speed
 f - a +2 dagger of venom
 h - the +6 long sword of Qymaotuf {venom, rF+ SInv}
   (You found it on level 2 of the Dungeon)

   It poisons the flesh of those it strikes.
   rF:        It protects you from fire.
   SInv:      It lets you see invisible.
 q - the +4 flail of Gehenna (weapon) {vorpal, *Rage +Blink Int+3}
   (You found it on level 5 of the Dungeon)

   It inflicts extra damage upon your enemies.
   Int:       It affects your intelligence (+3).
   +Blink:    It lets you blink.
   *Rage:     It berserks you when you make melee attacks (+20% chance).
Armour
 a - a +0 robe (worn)
Jewellery
 d - a ring of magical power (left hand)
 g - a ring of protection from fire
 j - a ring of protection from fire
 k - an amulet of reflection (around neck)
 l - an amulet of faith
 p - a ring of fire (right hand)
Wands
 r - a wand of acid (5) (quivered)
Scrolls
 e - 8 scrolls of identify
 i - 3 scrolls of fog
 o - a scroll of noise {unknown}
 s - a scroll of immolation {unknown}
 t - a scroll of enchant armour {unknown}
 v - a scroll of teleportation
 w - a scroll of magic mapping {unknown}
Potions
 b - a potion of degeneration
 m - a potion of cancellation {unknown}
 n - a potion of brilliance {unknown}
 u - a potion of flight {unknown}


   Skills:
 - Level 5.0 Fighting
 - Level 1.0 Long Blades
 - Level 6.0 Dodging
 - Level 2.5 Stealth
 - Level 6.0 Spellcasting
 - Level 2.0 Conjurations
 - Level 9.0 Fire Magic
 + Level 3.1 Evocations


You had 14 spell levels left.
You knew the following spells:

 Your Spells              Type           Power      Damage    Failure   Level
a - Foxfire               Conj/Fire      100%       2x1d9     1%          1
b - Scorch                Fire           100%       2d10      1%          2
c - Inner Flame           Hex/Fire       50%        N/A       2%          3

Your spell library contained the following spells:

 Spells                   Type           Power      Damage    Failure   Level
 Conjure Flame            Conj/Fire      56%        6-21      1%          3
 Flame Wave               Conj/Fire      56%        2d11      6%          4
 Ensorcelled Hibernation  Hex/Ice        16%        N/A       9%          2
 Ozocubu's Armour         Ice            8%         N/A       19%         3
 Spider Form              Tmut/Pois      8%         N/A       19%         3
 Tukima's Dance           Hex            8%         N/A       19%         3
 Anguish                  Hex/Necr       4%         N/A       52%         4
 Passage of Golubria      Tloc           8%         N/A       52%         4
 Metabolic Englaciation   Hex/Ice        4%         N/A       86%         5
 Yara's Violent Unravell  Hex/Tmut       4%         3d4       86%         5
 Simulacrum               Ice/Necr       4%         N/A       100%        6


Dungeon Overview and Level Annotations

Branches:
Dungeon (6/15)             Temple (1/1) D:5

Altars:
Cheibriados
Dithmenos
Elyvilon
Fedhas
Gozag
Hepliaklqana
Kikubaaqudgha
Ru
Trog
Uskayaw
Wu Jian
Xom
Yredelemnul
Zin
The Shining One

Shops:
D:4 =   D:6 *

Annotations:
D:3 1 runed translucent door eirf, Crazy Yiuf


Message History

Aim: an orc priest, wielding a +0 club and wearing a +0 leather armour (almost dead, more vulnerable to fire, ally target, chance to affect: 93%)
You feel a surge of power!
The orc priest is filled with an inner flame.
The orc priest mumbles some strange prayers to Beogh against you.
Beogh smites you!
Casting: Inner Flame (dangerous; 2% risk of failure)
Confirm with . or Enter, or press ? or * to list all spells.
You feel a surge of power!
You conjure some foxfire!
The orc warrior barely misses you.
The orc priest is no longer more vulnerable to fire.
The foxfire hits the orc warrior.
The orc warrior is lightly wounded.
The orc warrior hits you with a +0 long sword!
Casting: Foxfire (safe; 1% risk of failure)
Confirm with . or Enter, or press ? or * to list all spells.
You feel a surge of power!
You conjure some foxfire!
The foxfire hits the orc warrior but does no damage.
The orc warrior is lightly wounded.
You block the orc priest's attack.
Casting: Foxfire (safe; 1% risk of failure)
Confirm with . or Enter, or press ? or * to list all spells.
You feel a surge of power!
Flames lash the orc priest.
A black mist starts to gather...
The orc priest explodes!
The fiery explosion engulfs your spectral orc priest!!
You destroy your spectral orc priest!
The fiery explosion engulfs you!! You resist.
* * * LOW HITPOINT WARNING * * *
The fiery explosion engulfs the orc warrior!!
You kill the orc warrior!
The fiery explosion engulfs the orc wizard!!!
You kill the orc wizard!
You are engulfed in blazing flames.
You resist.
* * * LOW HITPOINT WARNING * * *
The orc priest begins to cast a cantrip, but forgets the words!
Your magical contamination has completely faded away.
Your Evocations skill gained 2 levels and is now at level 3!
You are engulfed in blazing flames.
You resist.
You die...
Your body rises from the dead as a mindless zombie.

#########
#§§o..o.# #@# # #
##########Z######
..
..................
#.
.......#.#.#######
. ########.#.#
#.#.# #.#.##
#....### #...[..#


You could see an orc priest, an orc (inner flame) and a friendly scorpion
zombie.

Vanquished Creatures
  A troll (D:5)
  Sigmund (D:3)
  Menkaure (D:4)
  A water moccasin (D:6)
  An orc warrior (D:6)
  A necrophage (D:5)
  A black bear (D:5)
  3 ogres
  A bullfrog (D:6)
  A gnoll sergeant (D:6)
  A scorpion (D:6)
  4 wights
  A bullfrog zombie (D:5)
  A bullfrog skeleton (D:3)
  2 hounds (D:5)
  3 orc priests
  5 iguanas
  An orc wizard (D:6)
  A killer bee zombie (D:5)
  8 gnolls
  A spectral orc (D:6)
  10 adders
  A shadow imp (D:4)
  An ufetubus (D:6)
  An adder skeleton (D:4)
  A worm (D:2)
  A dart slug (D:1)
  7 orcs
  6 ball pythons
  10 endoplasms
  4 giant cockroaches
  7 goblins
  7 hobgoblins
  5 jackals
  4 quokkas
  8 bats
  6 frilled lizards
  4 kobolds
  8 rats
131 creatures vanquished.

Vanquished Creatures (collateral kills)
  A necrophage (D:5)
  A foxfire (D:4)
2 creatures vanquished.

Vanquished Creatures (others)
  2 adder zombies (D:6)
  3 gnoll zombies (D:6)
  492 foxfires
497 creatures vanquished.

Grand Total: 630 creatures vanquished

Notes
Turn   | Place    | Note
-------+----------+-------------------------------------------
     0 | D:1      | enile the Deep Elf Fire Elementalist began the quest for
                  | the Orb.
     0 | D:1      | Reached XP level 1. HP: 10/10 MP: 6/6
   231 | D:1      | Reached XP level 2. HP: 10/16 MP: 2/8
   441 | D:1      | Learned a level 2 spell: Scorch
   450 | D:1      | Reached skill level 1 in Fighting
  1083 | D:1      | Reached XP level 3. HP: 20/20 MP: 4/10
  1378 | D:1      | Found a faded altar of an unknown god.
  1404 | D:1      | Prayed at the altar of an unknown god.
  1404 | D:1      | Became a worshipper of Zin the Law-Giver
  1404 | D:1      | Reached * piety under Zin
  1914 | D:2      | Reached ** piety under Zin
  2097 | D:2      | Identified the +6 long sword of Qymaotuf {venom, rF+ SInv}
  2318 | D:2      | Reached skill level 4 in Fire Magic
  2357 | D:2      | HP: 1/20 [worm (8)]
  3136 | D:3      | Noticed Sigmund
  3222 | D:3      | Killed Sigmund
  3223 | D:3      | Reached skill level 1 in Long Blades
  3223 | D:3      | Reached skill level 5 in Fire Magic
  3223 | D:3      | Reached XP level 4. HP: 26/26 MP: 12/12
  3223 | D:3      | Reached XP level 5. HP: 30/30 MP: 13/13
  3414 | D:3      | Found a runed translucent door.
  3415 | D:3      | Noticed Crazy Yiuf
  3737 | D:3      | Reached XP level 6. HP: 25/35 MP: 14/14
  3951 | D:3      | Found a sacrificial altar of Ru.
  3974 | D:3      | Reached skill level 6 in Fire Magic
  4805 | D:4      | Found Pukicosi's Jewellery Shop.
  4827 | D:4      | Identified the +2 buckler of Space {rC+ Int+4}
  5027 | D:4      | Found a bloodstained altar of Trog.
  5210 | D:4      | Noticed Menkaure
  5219 | D:4      | Killed Menkaure
  5220 | D:4      | Reached XP level 7. HP: 19/41 MP: 16/16
  5391 | D:4      | Found a shadowy altar of Dithmenos.
  5625 | D:4      | Reached skill level 5 in Spellcasting
  5936 | D:5      | Entered Level 5 of the Dungeon
  6110 | D:5      | Reached skill level 7 in Fire Magic
  6312 | D:5      | Reached skill level 5 in Dodging
  6316 | D:5      | Learned a level 3 spell: Inner Flame
  6323 | D:5      | Found a staircase to the Ecumenical Temple.
  6553 | D:5      | Reached XP level 8. HP: 46/46 MP: 17/17
  6657 | D:5      | Reached *** piety under Zin
  6848 | D:5      | Found a glowing silver altar of Zin.
  6852 | D:5      | Found a glowing golden altar of the Shining One.
  6853 | D:5      | Found a white marble altar of Elyvilon.
  7032 | D:5      | Identified the +4 flail of Gehenna {vorpal, *Rage +Blink
                  | Int+3}
  7155 | Temple   | Entered the Ecumenical Temple
  7417 | Temple   | Fell from the grace of Zin
  7417 | Temple   | Became a worshipper of Yredelemnul the Dark
  7508 | D:6      | Reached skill level 8 in Fire Magic
  7936 | D:5      | Paralysed by the wrath of Zin for 5 turns
  7943 | D:6      | HP: 1/47 [wight (14)]
  8326 | D:6      | Noticed a troll
  8499 | D:5      | Killed a troll
  8499 | D:5      | Reached * piety under Yredelemnul
  8719 | D:6      | Reached skill level 5 in Fighting
  8799 | D:6      | Paralysed by the wrath of Zin for 6 turns
  9096 | D:6      | Found Labe's Overcharged Wands.
  9123 | D:6      | Reached XP level 9. HP: 54/54 MP: 20/20
  9240 | D:6      | Reached skill level 9 in Fire Magic
  9240 | D:6      | Reached skill level 1 in Evocations
  9355 | D:6      | Engulfed by a cloud of flame

Illustrated notes

Levels and vault maps discovered:
D:1:      heliophobic_arrival_glass_houses, layout_loops_ring,
          shapermc_ecumenical_altar_mp_vishouse, minmay_misc_feat_x
D:2:      layout_loops_ring
D:3:      layout_loops_corners, nicolae_ru_sacrificial_ziggurat,
          nicolae_elevator_lobby_plus, uniq_sigmund, uniq_crazy_yiuf_cottage
D:4:      layout_loops_ring, nicolae_dithmenos_through_a_glass_darkly,
          trog_hazing_becter, serial_shops, nicolae_shop_waterfront,
          uniq_menkaure
D:5:      layout_loops_corners, good_gods_temple_1,
          minmay_temple_entry_offerings
D:6:      layout_loops_ring, vehumet_altar_wand_db,
          hangedman_abyss_or_decor_jellyfish_corner,
          nicolae_shop_overcharged_wands
Temple:   compressed_dpeg_triangle_lava_temple

Skill      XL: |  1  2  3  4  5  6  7  8  9 |
---------------+----------------------------+-----
Fighting       | 1 2 3 5 |  5.0
Spellcasting   | 4 5 6 |  6.0
Fire Magic     | 5 6 7 8 9 |  9.0
Long Blades    | 1 |  1.0
Conjurations   | 2 |  2.0
Dodging        | 4 5 6 |  6.0
Evocations     | 3 |  3.1
Stealth        | |  2.5

Action                   |  1- 3 |  4- 6 |  7- 9 || total
-------------------------+-------+-------+-------++-------
Melee: Unarmed           |    10 |       |       ||    10
       Long sword        |       |     4 |       ||     4
 Cast: Foxfire           |   120 |   116 |    90 ||   326
       Scorch            |    14 |    13 |    43 ||    70
       Inner Flame       |       |       |     3 ||     3
 Abil: Evoke Blink       |       |       |     1 ||     1
Evoke: Wand              |       |       |     3 ||     3
  Use: Potion            |     3 |       |       ||     3
       Scroll            |     4 |       |     1 ||     5
Armor: Robe              |     7 |     1 |     1 ||     9
Dodge: Dodged            |    38 |    19 |    36 ||    93
Block: Other             |       |       |    17 ||    17
       Reflection        |       |       |     1 ||     1
